Map: Lightshade LE

Players

evilPutty - Winner!

  • Race: Zerg Zerg
  • League: Silver

qwerty

  • Race: Protoss Protoss
  • League: Silver

VOD

Have the link to the VOD?

Description

Time

  • Played on: Sept. 1, 2021, 12:29 a.m.
  • Length: 13:04
Show
View Real Time Build Order
Export as new Build Order

evilPutty Zerg - Winner!

Build Orders: Hatch First 

Get SALT Encoding   

  12  0:00  Drone  
  13  0:13  Overlord  
  13  0:20  Drone  
  14  0:31  Drone x2  
  16  0:37  Drone  
  17  0:55  Drone  
  17  0:56  Hatchery  
  17  0:58  Drone  
  18  1:09  Drone  
  19  1:11  Extractor  
  18  1:18  Spawning Pool  
  17  1:36  Drone x2  
  19  1:53  Drone  
  20  2:13  Zergling x4  
  20  2:14  Zergling x2  
  23  2:26  Queen x2  
  23  2:27  Drone  
  23  2:29  Overlord  
  28  2:34  Metabolic Boost  
  28  2:40  Overlord  
  28  2:44  Hatchery  
  27  2:51  Drone  
  27  2:52  Drone x3  
  31  3:05  Drone x3  
  34  3:11  Drone  
  35  3:16  Queen  
  35  3:17  Drone  
  35  3:19  Drone  
  39  3:27  Drone  
  39  3:31  Drone  
  40  3:46  Drone x4  
  44  3:50  Roach Warren  
  43  3:59  Drone x3  
  43  4:00  Drone x2  
  48  4:08  Extractor  
  48  4:09  Extractor, Drone x2  
  48  4:12  Overlord  
  48  4:19  Drone x2  
  48  4:22  Lair  
  50  4:27  Overlord  
  50  4:29  Queen x2  
  54  4:32  Drone x3  
  54  4:33  Drone  
  58  4:48  Overlord x2  
  58  4:56  Drone  
  58  4:57  Overlord, Drone  
  58  4:58  Overlord  
  58  4:59  Roach  
  66  5:00  Roach x2  
  66  5:12  Drone x7  
  73  5:22  Roach x4  
  73  5:26  Drone x6  
  73  5:27  Drone x2  
  89  5:35  Overseer  
  89  5:39  Drone x2  
  91  5:43  Hatchery  
  91  5:46  Roach x3  
  91  5:47  Extractor  
  95  5:54  Queen  
  97  5:57  Extractor  
  97  5:59  Extractor  
  95  6:05  Drone  
  95  6:10  Drone x2  
  98  6:12  Hatchery  
  98  6:14  Overlord x3  
  97  6:31  Queen  
  97  6:32  Drone x13  
  112  6:54  Drone  
  112  6:55  Drone x7  
  112  6:56  Evolution Chamber  
  112  6:58  Extractor  
  112  7:00  Extractor, Evolution Chamber  
  116  7:09  Overseer  
  116  7:15  Roach x6  
  128  7:21  Glial Reconstitution  
  128  7:24  Overlord x4  
  128  7:25  Zergling x2  
  128  7:26  Zergling x8  
  133  7:33  Zerg Missile Weapons Level 1  
  133  7:34  Zerg Ground Armor Level 1  
  133  7:35  Overlord  
  133  7:36  Overlord  
  133  7:42  Drone x3  
  136  7:49  Zergling x22  
  147  7:56  Hatchery  
  146  7:58  Pneumatized Carapace  
  146  8:03  Infestation Pit  
  146  8:05  Roach x7  
  159  8:10  Hydralisk Den  
  153  8:35  Ravager  
  153  8:36  Ravager x4  
  153  8:38  Roach x11  
  153  8:39  Roach  
  182  9:02  Overlord  
  182  9:03  Overlord  
  182  9:04  Overlord  
  182  9:05  Overlord x2  
  182  9:07  Queen  
  184  9:13  Hydralisk x2, Grooved Spines  
  188  9:17  Hatchery  
  167  9:52  Roach x18  
  191  9:53  Roach x7  
  171  10:08  Hydralisk  
  171  10:09  Hydralisk x13  
  193  10:18  Zergling x2  
  193  10:19  Zergling x8  
  196  10:24  Muscular Augments, Zergling x6  
  196  10:25  Zergling x2  
  196  10:26  Zerg Missile Weapons Level 2  
  196  10:27  Zerg Ground Armor Level 2  
  200  10:28  Hive  
  200  10:36  Overlord x4  
  200  10:38  Lurker Den  
  199  11:10  Zergling x2  
  182  11:55  Roach x12  
  182  11:56  Roach  
  158  12:16  Roach x17  
  158  12:17  Roach x5  
  198  12:24  Hydralisk  
  197  12:41  Ravager x2  
  197  12:42  Ravager x5  
Show
View Real Time Build Order
Export as new Build Order

qwerty Protoss 

Build Orders:  

Get SALT Encoding   

  12  0:01  Probe  
  13  0:13  Probe  
  14  0:20  Pylon  
  14  0:25  Probe  
  15  0:29  Assimilator  
  15  0:38  Probe  
  16  0:46  Gateway  
  16  0:51  Probe (Chrono Boost)  
  17  1:03  Probe (Chrono Boost)  
  18  1:09  Probe (Chrono Boost)  
  19  1:13  Forge  
  19  1:17  Probe  
  20  1:36  Cybernetics Core  
  20  1:46  Pylon  
  20  1:57  Photon Cannon  
  20  2:04  Assimilator  
  20  2:15  Nexus  
  20  2:25  Probe  
  20  2:27  Protoss Ground Weapons Level 1 (Chrono Boost)  
  20  2:29  Warp Gate  
  21  2:37  Stalker  
  21  2:38  Probe  
  24  2:55  Pylon  
  24  2:58  Probe  
  25  3:07  Stalker (Chrono Boost)  
  25  3:10  Probe  
  28  3:22  Probe  
  28  3:25  Gateway  
  29  3:31  Stalker (Chrono Boost), Shield Battery  
  31  3:57  Gateway  
  31  3:59  Gateway  
  31  4:07  Shield Battery  
  31  4:09  Photon Cannon  
  31  4:14  Assimilator  
  31  4:22  Probe x2  
  33  4:26  Stalker x2  
  37  4:41  Robotics Facility  
  37  4:45  Twilight Council  
  37  4:50  Pylon  
  37  4:51  Probe  
  38  4:53  Probe  
  39  5:05  Pylon  
  39  5:08  Probe x2  
  41  5:17  Zealot  
  41  5:18  Zealot  
  41  5:19  Protoss Ground Armor Level 1 (Chrono Boost)  
  41  5:20  Probe  
  46  5:21  Charge  
  46  5:29  Observer  
  47  5:43  Probe x2  
  47  5:49  Assimilator  
  49  5:54  Pylon  
  49  5:55  Probe x2  
  51  5:58  Stalker x2  
  55  6:07  Probe  
  55  6:08  Probe  
  57  6:19  Probe  
  57  6:20  Probe  
  57  6:23  Robotics Bay  
  57  6:25  Pylon  
  59  6:31  Probe  
  60  6:34  Stalker  
  60  6:35  Stalker x2  
  66  6:44  Templar Archives  
  67  6:47  Observer  
  67  6:59  Photon Cannon  
  67  7:02  Shield Battery  
  67  7:08  Protoss Ground Weapons Level 2 (Chrono Boost)  
  67  7:09  Photon Cannon, Extended Thermal Lance  
  67  7:10  Zealot x2  
  67  7:13  Colossus  
  77  7:29  Zealot x2  
  81  7:44  Stalker x2  
  85  8:08  Nexus  
  85  8:17  Gateway x2  
  85  8:22  Gateway  
  85  8:23  Gateway  
  84  8:37  Stalker  
  86  8:51  Psionic Storm  
  86  8:58  Blink  
  86  9:01  Pylon  
  86  9:02  Pylon  
  86  9:16  Disruptor (Chrono Boost)  
  89  9:27  Stalker x3, Protoss Ground Armor Level 2  
  89  9:28  Zealot x3  
  101  9:44  Colossus  
  91  9:50  Stalker  
  91  9:51  Stalker x2  
  91  9:52  Stalker x2  
  69  10:20  Stalker  
  69  10:21  Stalker x2  
  75  10:26  Observer  
  75  10:38  Colossus  
  81  10:57  Nexus  
  81  11:06  Stalker  
  81  11:07  Stalker x2  
  81  11:08  High Templar x2, Stalker  
  93  11:24  Pylon  
  62  11:54  Stalker x2  
  62  11:55  Stalker  
  62  11:56  Stalker  
  62  11:58  Stalker x2  
  62  11:59  Stalker x2  
  49  12:20  Stalker x3  
  49  12:21  Stalker  
  57  12:24  Stalker  
  57  12:25  Stalker  
  61  12:38  Stalker  
  61  12:39  Stalker  
  49  12:48  Stalker  
  49  12:49  Stalker  
Tags
 
Add a new tag
Caveats
  • Supply blocks, unpowered buildings, or Contaminate may cause inaccurate times.
  • Supply counts are checked every 10 seconds.